 Dungeon Crawl Stone Soup version 0.26.0-3-g156281e41b (webtiles) character file.

Game seed: 16797388205566657372

38 Esekla the Sneak (level 3, -3/26 HPs)
             Began as an Octopode Delver on Jan 10, 2021.
             Slain by a sky beast (6 damage)
             ... on level 5 of the Dungeon.
             The game lasted 00:02:38 (243 turns).

Esekla the Sneak (Octopode Delver)                   Turns: 243, Time: 00:02:38

Health: -3/26      AC:  1    Str: 11    XL:     3   Next: 43%
Magic:  4/4        EV: 13    Int: 13    God:
Gold:   42         SH:  0    Dex: 13    Spells: 3/3 levels left

rFire    . . .     SeeInvis .   v - +1 dagger (venom)
rCold    . . .     Faith    .   (no shield)
rNeg     . . .     Spirit   .   (helmet restricted)
rPois    .         Reflect  .   (no amulet)
rElec    .         Harm     .   (no ring)
rCorr    .         Rampage  .   (no ring)
Will     .....                  (no ring)
Stlth    ++++......             (no ring)
HPRegen  0.08/turn              (no ring)
MPRegen  0.09/turn              (no ring)
                                (no ring)
                                (no ring)

@: no status effects
A: almost no armour, stealthy swim, amphibious, 8 rings, constrict 8, camouflage
1, gelatinous body 1
a: no special abilities


You were on level 5 of the Dungeon.
You visited 1 branch of the dungeon, and saw 1 of its levels.

You collected 42 gold pieces.

Inventory:

Hand Weapons
 a - a +0 falchion
 v - a +1 dagger of venom (weapon)
Wands
 f - a wand of digging (3)
Scrolls
 b - a scroll of fog
 c - a scroll of magic mapping
 d - a scroll of fear
 g - a scroll of random uselessness {unknown}
 i - a scroll of identify {unknown}
Potions
 e - a potion of haste
 h - a potion of flight {unknown}


   Skills:
 * Level 3.3 Fighting
 * Level 2.2 Long Blades
 * Level 2.2 Dodging
 + Level 7.2 Stealth
 * Level 0.7 Spellcasting


You had 3 spell levels left.
You didn't know any spells.
Your spell library was empty.

Dungeon Overview and Level Annotations

Branches:
Dungeon (5/15)
 Temple: D:4-7

Altars:
Dithmenos
Uskayaw


Innate Abilities, Weirdness & Mutations

You cannot wear most types of armour.
You are very stealthy in the water. (Stealth+)
You are amphibious.
You can wear up to eight rings at the same time.
You can use your tentacles to constrict eight enemies at once.
Your skin changes colour to match your surroundings (Stealth+).
Your rubbery body absorbs attacks. (AC +1, EV +1)


Message History

A sky beast appears from thin air!
Reactivating autopickup.
The sky beast flickers out of sight!
Deactivating autopickup; reactivate with Ctrl-A.
There is an open door here.
Something is blocking the doorway!
A sky beast appears from thin air!
Reactivating autopickup.
The sky beast misses you.
Your +1 dagger of venom begins to drip with poison!
v - a +1 dagger of venom (weapon)
The sky beast hits you but does no damage.
You barely miss the sky beast. You completely miss the sky beast.
The sky beast hits you. The sky beast shocks you.
* * * LOW HITPOINT WARNING * * *
You hit the sky beast but do no damage.
The sky beast is poisoned.
The sky beast hits you.
* * * LOW HITPOINT WARNING * * *
The sky beast shocks you.
You die...

##..## #...#
#..## #..#
#####.##
#...#.#
+.8.#.#
#...#.# +
#...#@# #.
##+.8WY.#
#..#.#...###
#..#...#
#..##'.8.#
## ##...#
#####


You could see a phantom and a sky beast (very poisoned).

Vanquished Creatures
  A jelly (D:5)
  An ufetubus (D:5)
  A leopard gecko (D:5)
  A quokka skeleton (D:5)
4 creatures vanquished.

Notes
Turn   | Place    | Note
-------+----------+-------------------------------------------
     0 | D:5      | Esekla the Octopode Delver began the quest for the Orb.
     0 | D:5      | Reached XP level 1. HP: 16/16 MP: 1/1
     5 | D:5      | Noticed a worker ant
    95 | D:5      | Found a hide-covered altar of Uskayaw.
   107 | D:5      | Noticed a jelly
   109 | D:5      | Reached XP level 2. HP: 15/21 MP: 2/2
   141 | D:5      | Found a shadowy altar of Dithmenos.
   148 | D:5      | Reached skill level 7 in Stealth
   148 | D:5      | Reached XP level 3. HP: 22/26 MP: 2/4
   225 | D:5      | Noticed a phantom
   226 | D:5      | Noticed a sky beast
   243 | D:5      | Slain by a sky beast

Illustrated notes

Levels and vault maps discovered:
D:5:      minmay_chambers_of_threes, layout_rooms, overflow_temple_1_default,
          st_stairs_2, grunt_dithmenos_shadows

Skill      XL: |  1  2 |
---------------+-------+-----
Stealth        | 7 |  7.2
Fighting       | |  3.3
Long Blades    | |  2.2
Dodging        | |  2.2
Spellcasting   | |  0.7

Action                   || total
-------------------------++-------
Melee: Falchion          ||    13
       Tentacles         ||     5
       Constrict         ||     3
       Dagger            ||     4
 Stab: Sleeping          ||     1
Armor: Skin              ||     3
Dodge: Dodged            ||    13
       Rpst.: Falchion   ||     4
